 Dungeon Crawl Stone Soup version 0.17.0-73-gb648821 (webtiles) character file.

2510 tof the Shield-Bearer (level 9, -1/103 HPs)
             Began as a Human Berserker on Dec 10, 2015.
             Was an Elder of Trog.
             Slain by DEFE's ghost (9 damage)
             ... on level 8 of the Dungeon.
             The game lasted 01:15:20 (7009 turns).

tof the Shield-Bearer (Human Berserker)             Turns: 7009, Time: 01:15:21

Health: -1/103     AC: 22    Str: 24    XL:     9   Next: 83%
Magic:  9/9        EV:  5    Int:  8    God:    Trog [****..]
Gold:   269        SH: 16    Dex: 14    Spells: 0 memorised, 8 levels left

rFire  . . .     SeeInvis .     a - +3 falchion
rCold  . . .     Clarity  .     r - +4 plate armour
rNeg   . . .     SustAt   .     u - +0 large shield
rPois  +         Gourm    +     (no helmet)
rElec  .         Spirit   .     (no cloak)
rCorr  .         Warding  .     (no gloves)
rMut   .         Stasis   .     t - +1 pair of boots
MR     .....                    f - amulet of the gourmand
Stlth  ..........               i - +4 ring of protection
                                g - ring of poison resistance

@: berserking, very quick, not resistant to hostile enchantments, extremely
unstealthy
A: no striking features
a: Berserk, Trog's Hand, Brothers in Arms, Burn Spellbooks, Renounce Religion


You were on level 8 of the Dungeon.
You worshipped Trog.
Trog was greatly pleased with you.
You were very full.

You visited 2 branches of the dungeon, and saw 9 of its levels.

You collected 269 gold pieces.

Inventory:

Hand Weapons
 a - a +3 falchion (weapon)
Armour
 j - the +18 shield of the gong {rElec rN+ MR+ EV-5}
   (You found it on level 4 of the Dungeon)

   It affects your evasion (-5).
   It insulates you from electricity.
   It protects you from negative energy.
   It affects your resistance to hostile enchantments.
 r - a +4 plate armour (worn)
 t - a +1 pair of boots (worn)
 u - a +0 large shield (worn)
Jewellery
 f - an amulet of the gourmand (around neck)
 g - a ring of poison resistance (left hand)
 i - a +4 ring of protection (right hand)
Wands
 b - a wand of flame (32)
 e - a wand of confusion (2)
 v - a wand of lightning (6)
Scrolls
 k - a scroll of teleportation
 l - a scroll of blinking
 m - 2 scrolls of identify
 o - 2 scrolls of recharging
Potions
 n - 2 potions of heal wounds
 p - 3 potions of resistance
 q - a potion of curing
Comestibles
 c - 7 bread rations
 d - 4 fruits
 h - 3 meat rations
 s - 2 beef jerkies
 w - 8 chunks of flesh


   Skills:
 + Level 6.2 Fighting
 + Level 6.2 Long Blades
 + Level 5.8 Armour
 + Level 5.0 Dodging
 + Level 0.9 Stealth
 + Level 6.3 Shields
 + Level 1.1 Evocations


You had 8 spell levels left.
You didn't know any spells.

Dungeon Overview and Level Annotations

Branches:
Dungeon (8/15)             Temple (1/1) D:4
   Lair: D:8-11

Altars:
Ashenzari
Cheibriados
Dithmenos
Fedhas
Gozag
Kikubaaqudgha
Makhleb
Nemelex Xobeh
Sif Muna
Trog
Xom
Yredelemnul
Zin
The Shining One

Annotations:
D:3 1 runed door
D:8 DEFE's ghost, novice HEFi


Message History

DEFE's ghost is moderately damaged.
DEFE's ghost hits you!!
You are too berserk!
You slash DEFE's ghost!
DEFE's ghost is moderately damaged.
DEFE's ghost hits you.
You are electrocuted!
* * * LOW HITPOINT WARNING * * *
You are too berserk!
You are too berserk!
You hit DEFE's ghost but do no damage.
DEFE's ghost is moderately damaged.
You hit DEFE's ghost but do no damage.
DEFE's ghost is moderately damaged.
DEFE's ghost hits you!
* * * LOW HITPOINT WARNING * * *
Your shield and plate armour prevent you from hitting DEFE's ghost.
DEFE's ghost is moderately damaged.
DEFE's ghost hits you but does no damage.
You are electrocuted!
You die...

#........#..##........
#.......##.....#...#..
#..............#..##..
#..........#.###......
#..####...##..........
#..####...).....%#.#..
#.......[))..#..##.#..
#........#).##.....#..
+....@W..#.........+..
#........#.....#...#..
##+###..##....##...#..
#..#..........#
#..#.......#..+
#..#.......#..#
####.......# ##
......... ...........


You could see DEFE's ghost.

Vanquished Creatures
  The ghost of slayr the Destroyer, a novice DECj (D:7)
  A hippogriff (D:7)
  Menkaure (D:6)
  The ghost of dohliylev the Stinger, an amateur GrVM (D:3)
  An orc warrior (D:7)
  An ice beast (D:5)
  2 centaurs (D:7)
  A phantom (D:4)
  A necrophage (D:6)
  A wasp (D:8)
  2 ogres
  4 giant frogs
  A scorpion (D:4)
  A killer bee (D:7)
  A centaur zombie (D:8)
  2 crimson imps
  5 orc priests
  A quasit (D:6)
  A centaur skeleton (D:7)
  A jelly (D:6)
  5 orc wizards
  2 hounds (D:7)
  An iguana (D:4)
  2 worker ants
  A gnoll (D:1)
  8 adders
  An ooze (D:3)
  A worm (D:4)
  An adder skeleton (D:7)
  22 orcs
  7 giant cockroaches
  8 hobgoblins
  8 jackals
  9 kobolds
  12 bats
  2 giant geckos
  A giant gecko skeleton (D:4)
  2 giant newts (D:1)
  4 goblins
  A goblin zombie (D:4)
  3 quokkas
  A quokka zombie (D:7)
  8 rats
  A rat zombie (D:4)
  A plant (D:2)
142 creatures vanquished.

Vanquished Creatures (others)
  An orc wizard (D:6)
1 creature vanquished.

Grand Total: 143 creatures vanquished

Notes
Turn   | Place    | Note
--------------------------------------------------------------
     0 | D:1      | tof the Human Berserker began the quest for the Orb.
     0 | D:1      | Reached XP level 1. HP: 18/18 MP: 1/1
   259 | D:1      | Reached XP level 2. HP: 14/24 MP: 2/2
   631 | D:1      | Reached XP level 3. HP: 26/29 MP: 3/3
   645 | D:1      | Reached ** piety under Trog
  1023 | D:2      | Reached XP level 4. HP: 15/37 MP: 4/4
  1335 | D:2      | Found an ancient bone altar of Kikubaaqudgha.
  1337 | D:2      | Found a blossoming altar of Fedhas.
  1708 | D:2      | Found a shadowy altar of Dithmenos.
  2105 | D:3      | Noticed dohliylev's ghost (amateur GrVM)
  2114 | D:3      | Reached XP level 5. HP: 42/42 MP: 5/5
  2122 | D:3      | Reached skill level 4 in Fighting
  2139 | D:3      | Killed dohliylev's ghost
  2139 | D:3      | Reached XP level 6. HP: 36/49 MP: 6/6
  2243 | D:3      | Found a glowing golden altar of the Shining One.
  2244 | D:3      | Found a runed door.
  2244 | D:3      | Noticed an angel
  2403 | D:3      | Noticed an ogre
  2409 | D:3      | Killed an ogre
  2611 | D:3      | Reached *** piety under Trog
  2822 | D:4      | Reached XP level 7. HP: 55/55 MP: 7/7
  3174 | D:4      | Found a sparkling altar of Nemelex Xobeh.
  3294 | D:4      | Found a staircase to the Ecumenical Temple.
  3323 | Temple   | Entered the Ecumenical Temple
  3501 | D:4      | Reached skill level 5 in Fighting
  3989 | D:5      | Entered Level 5 of the Dungeon
  4011 | D:5      | Reached skill level 1 in Shields
  4011 | D:5      | Reached XP level 8. HP: 62/62 MP: 8/8
  4026 | D:5      | Found a glowing golden altar of the Shining One.
  4028 | D:5      | Noticed an angel
  4156 | D:5      | Found a basalt altar of Yredelemnul.
  4158 | D:5      | Noticed a profane servitor
  4725 | D:6      | Reached skill level 5 in Long Blades
  4910 | D:6      | Noticed Menkaure
  4917 | D:6      | Killed Menkaure
  5009 | D:6      | Reached skill level 5 in Armour
  5031 | D:6      | Reached skill level 1 in Evocations
  5264 | D:6      | Reached XP level 9. HP: 55/68 MP: 9/9
  5358 | D:6      | Found a deep blue altar of Sif Muna.
  5616 | D:6      | Identified the Incunabulum of Good Luck
  5957 | D:7      | Found a burning altar of Makhleb.
  6013 | D:7      | Reached skill level 5 in Shields
  6029 | D:7      | Noticed slayr's ghost (novice DECj)
  6047 | D:7      | Reached **** piety under Trog
  6052 | D:7      | Killed slayr's ghost
  6262 | D:7      | Reached skill level 6 in Fighting
  6833 | D:8      | Got a bloodstained war axe
  6950 | D:8      | Reached skill level 5 in Dodging
  6986 | D:8      | Noticed DEFE's ghost (novice HEFi)
  7009 | D:8      | Slain by DEFE's ghost

Action                   |  1- 3 |  4- 6 |  7- 9 || total
-------------------------+-------+-------+-------++-------
Melee: Falchion          |   103 |   199 |   442 ||   744
Invok: Berserk           |     1 |     2 |     6 ||     9
       Trog's Hand       |     1 |     1 |     1 ||     3
       Burn Spellbooks   |       |       |     2 ||     2
Evoke: Wand              |       |     2 |     6 ||     8
  Use: Scroll            |     4 |     6 |    11 ||    21
       Potion            |     4 |     2 |     1 ||     7
  Eat: Chunk             |     1 |     8 |    37 ||    46
